 Dungeon Crawl Stone Soup version 0.31.0-9-g3a7656b989 (webtiles) character file.

Game seed: 3529501157010612247

926 bonble the Trooper (level 8, -2/61 HPs)
             Began as a Human Berserker on Jan 28, 2024.
             Was an Elder of Trog.
             Slain by a gnoll sergeant
             ... wielding a +0 trident
              (8 damage)
             ... on level 4 of the Dungeon.
             The game lasted 00:24:45 (2719 turns).

bonble the Trooper (Human Berserker)                Turns: 2719, Time: 00:24:46

Health: -2/61      AC:  7    Str: 20    XL:     8   Next: 10%
Magic:  0/8        EV: 12    Int:  8    God:    Trog [****..]
Gold:   194        SH:  0    Dex: 12    Spells: 7/7 levels left

rFire   + . .        g - +7 Throatcutter {drain, coup de grace}
rCold   + . .        (no shield)
rNeg    . . .        y - +0 ring mail
rPois   +            c - +0 helmet
rElec   +            (no cloak)
rCorr   +            (no gloves)
SInv    .            (no boots)
Will    .....        p - amulet of guardian spirit
Stlth   +            (no ring)
HPRegen 0.30/turn    (no ring)
MPRegen 0.11/turn

%: guardian spirit
@: resistant
A: explore regen
a: Renounce Religion, Berserk, Trog's Hand, Brothers in Arms


You were on level 4 of the Dungeon.
You worshipped Trog.
Trog was greatly pleased with you.
You visited 1 branch of the dungeon, and saw 4 of its levels.

You collected 194 gold pieces.

Inventory:

Hand Weapons
 a - a +0 spear
 f - a +0 club
 g - the +7 Throatcutter (weapon) {drain, coup de grace}
   (You took it off Terence on level 3 of the Dungeon)
 i - a +0 dagger
 j - a +0 sling
 n - a +4 whip
 v - a +0 quarterstaff
 D - a +0 dagger of flaming
 E - a +0 antimagic whip
 G - a +1 flail of protection
Missiles
 k - 42 stones (quivered)
 q - 6 datura-tipped darts
 u - 6 boomerangs
 F - 2 throwing nets
Armour
 b - a +0 animal skin
 c - a +0 helmet (worn)
 d - a +0 robe
 l - a +0 leather armour
 y - a +0 ring mail (worn)
 A - a +0 scale mail
Magical Staves
 o - a staff of death
 B - a staff of cold
Jewellery
 p - an amulet of guardian spirit (around neck)
Talismans
 C - a maw talisman
Potions
 e - a potion of attraction
 r - a potion of haste {unknown}
 s - a potion of mutation {unknown}


   Skills:
 + Level 4.4 Fighting
 + Level 4.4 Long Blades
 + Level 3.5 Maces & Flails
 + Level 3.6 Polearms
 + Level 3.8 Armour
 + Level 4.1 Dodging
 + Level 1.5 Stealth


You had 7 spell levels left.
You didn't know any spells.
Your spell library was empty.

Dungeon Overview and Level Annotations

Branches:
Dungeon (4/15)
 Temple: D:4-7

Altars:
Ashenzari
Hepliaklqana
Wu Jian

Shops:
D:4 [


Innate Abilities, Weirdness & Mutations

You regain HP and MP as you explore.


Message History

Okay, then.
Throw: 47 stones
Press: ? - help, Q - select action, (/) - cycle Shift-Dir - straight line, f/p - gnoll sergeant
Aim: a gnoll sergeant, wielding a +0 trident and wearing a +0 scale mail (64% to hit)
You throw a stone.
The stone hits the gnoll sergeant but does no damage.
The gnoll sergeant hits you but does no damage.
Throw: 46 stones
Press: ? - help, Q - select action, (/) - cycle Shift-Dir - straight line, f/p - gnoll sergeant
Aim: a gnoll sergeant, wielding a +0 trident and wearing a +0 scale mail (64% to hit)
You throw a stone.
The stone barely misses the gnoll sergeant.
The gnoll sergeant hits you from afar with a +0 trident.
* * * LOW HITPOINT WARNING * * *
You cannot move.
You cannot move.
A gnoll sergeant is nearby!
Throw: 45 stones
Press: ? - help, Q - select action, (/) - cycle Shift-Dir - straight line, f/p - gnoll sergeant
Aim: a gnoll sergeant, wielding a +0 trident and wearing a +0 scale mail (64% to hit)
You throw a stone.
The stone hits the gnoll sergeant but does no damage.
The gnoll sergeant hits you from afar with a +0 trident.
* * * LOW HITPOINT WARNING * * *
Throw: 44 stones
Press: ? - help, Q - select action, (/) - cycle Shift-Dir - straight line, f/p - gnoll sergeant
Aim: a gnoll sergeant, wielding a +0 trident and wearing a +0 scale mail (64% to hit)
You throw a stone.
The stone closely misses the gnoll sergeant.
The gnoll sergeant hits you but does no damage.
Throw: 43 stones
Press: ? - help, Q - select action, (/) - cycle Shift-Dir - straight line, f/p - gnoll sergeant
Aim: a gnoll sergeant, wielding a +0 trident and wearing a +0 scale mail (64% to hit)
You throw a stone.
The stone barely misses the gnoll sergeant.
You feel less wooden.
Your +0 helmet unmelds from your body.
Your +0 ring mail unmelds from your body.
The gnoll sergeant hits you from afar with a +0 trident!
You die...

..#..................#......,,,#*
................##..##.#...#****
...))........g.........'...#
..............#.##.#.#.#...######
.._).8.._.....#.##.#.#.#.#......#
..............#.##.#.#.#.#......#
..............#g##.#...#.#....†.#
..............#)##..............#
.......###(...))@<......######'#.
.####....)...##....###...#####.#.
###.'........#####.###.........#.
#.#............#.###.........#.
###+#........###.#.###...........
#...†#####.......#.###....>......
#....##..............#.........##
#....##......###.#.#.#..)........
#....##..........#,..#....^......


You could see a gnoll sergeant.

Vanquished Creatures
  Edmund (D:4)
  Duvessa (D:4)
  An ogre (D:4)
  Dowan (D:4)
  A howler monkey (D:4)
  2 hounds (D:4)
  2 orc priests (D:4)
  Terence (D:3)
  Jessica (D:3)
  2 iguanas
  2 orc wizards (D:4)
  6 gnolls (D:4)
  9 adders
  A ribbon worm (D:3)
  2 dart slugs (D:1)
  12 orcs (D:4)
  6 endoplasms
  A giant cockroach (D:1)
  7 goblins
  4 hobgoblins
  13 jackals
  2 quokkas
  6 ball pythons
  4 bats
  5 frilled lizards (D:2)
  7 kobolds
  22 rats
122 creatures vanquished.

Notes
Turn   | Place    | Note
-------+----------+-------------------------------------------
     0 | D:1      | bonble the Human Berserker began the quest for the Orb.
     0 | D:1      | Reached XP level 1. HP: 18/18 MP: 1/1
    38 | D:1      | You fall into a shaft and drop 1 floor!
   326 | D:1      | Reached XP level 2. HP: 24/24 MP: 2/2
   639 | D:2      | Reached XP level 3. HP: 28/29 MP: 3/3
   771 | D:2      | Reached ** piety under Trog
  1205 | D:3      | Reached XP level 4. HP: 35/35 MP: 4/4
  1231 | D:3      | Reached skill level 1 in Maces & Flails
  1276 | D:3      | Noticed Jessica
  1284 | D:3      | Killed Jessica
  1347 | D:3      | Noticed Terence
  1370 | D:3      | Killed Terence
  1371 | D:3      | Reached XP level 5. HP: 42/42 MP: 5/5
  1777 | D:4      | Noticed an animated shadow dragon scales
  1779 | D:4      | Found Omiduxa's Armour Boutique.
  1785 | D:4      | Noticed an ogre
  1790 | D:4      | Killed an ogre
  1791 | D:4      | Reached XP level 6. HP: 28/48 MP: 3/6
  1903 | D:4      | Found an ornate altar of the Wu Jian Council.
  1911 | D:4      | Reached skill level 1 in Stealth
  1914 | D:4      | Found a hazy altar of Hepliaklqana.
  2012 | D:4      | Reached skill level 1 in Long Blades
  2093 | D:4      | Reached XP level 7. HP: 39/54 MP: 7/7
  2093 | D:4      | Reached *** piety under Trog
  2336 | D:4      | Noticed Duvessa
  2337 | D:4      | Noticed Dowan
  2353 | D:4      | Killed Duvessa
  2355 | D:4      | Killed Dowan
  2363 | D:4      | Found a broken altar of Ashenzari.
  2500 | D:4      | Reached **** piety under Trog
  2564 | D:4      | Noticed an animated storm dragon scales
  2618 | D:4      | Noticed Edmund
  2691 | D:4      | HP: 2/54 [gnoll/+3 whip of flaming (1)]
  2698 | D:4      | Killed Edmund
  2699 | D:4      | Reached XP level 8. HP: 21/61 MP: 2/8
  2719 | D:4      | Slain by a gnoll sergeant

Illustrated notes

Levels and vault maps discovered:
D:1:      dpeg_arrival_pits, layout_rooms, minmay_stone_trees_medium,
          minmay_unequal
D:2:      layout_loops_cross
D:3:      minmay_angry_zag, layout_basic, uniq_terence, uniq_jessica
D:4:      lemuel_castle_with_subvaults [lemuel_castle_interior_carwin_2],
          layout_basic, grunt_temple_overflow_open,
          ashenzari_conservatory_becter,
          nicolae_overflow_guarded_unrand_okawaru_victory, serial_shops,
          nicolae_shop_mannequins, minmay_rat_hole, uniq_duvessa, uniq_edmund

Skill      XL: |  1  2  3  4  5  6  7 |
---------------+----------------------+-----
Maces & Flails | 2 3 |  3.5
Dodging        | 3 4 |  4.1
Fighting       | 4 |  4.4
Armour         | 3 |  3.8
Stealth        | 1 |  1.5
Long Blades    | 2 4 |  4.4
Polearms       | |  3.6

Action                     |  1- 3 |  4- 6 |  7- 9 || total
---------------------------+-------+-------+-------++-------
  Melee: Spear             |    66 |       |       ||    66
         Whip              |    51 |    33 |       ||    84
         Long sword        |       |    65 |    78 ||   143
         Punch             |       |       |     1 ||     1
  Throw: Boomerang         |       |       |     8 ||     8
         Stone             |       |       |     5 ||     5
         Dart              |       |       |     4 ||     4
 Invoke: Berserk           |     1 |     1 |       ||     2
         Trog's Hand       |       |       |     1 ||     1
    Use: Potion            |     1 |     2 |     5 ||     8
         Scroll            |       |     3 |     2 ||     5
 Armour: Animal skin       |     6 |       |       ||     6
         Leather armour    |    60 |    28 |       ||    88
         Ring mail         |       |    53 |    44 ||    97
         Skin              |       |       |    43 ||    43
  Dodge: Dodged            |    75 |    68 |    54 ||   197
